 Dungeon Crawl Stone Soup version 0.24.1-8-ga250c9d538 (webtiles) character file.

Game seed: 9750984040174134529, levelgen mode: deterministic

2372 Peloso the Slasher (level 9, 68/68 HPs)
             Began as a Demonspawn Fighter on May 1, 2020.
             Was a Follower of Okawaru.
             Got out of the dungeon alive.
             The game lasted 00:20:37 (7329 turns).

Peloso the Slasher (Demonspawn Fighter)             Turns: 7329, Time: 00:20:37

Health: 68/68      AC: 14    Str: 23    XL:     9   Next: 21%
Magic:  9/9        EV:  5    Int: 10    God:    Okawaru [*.....]
Gold:   477        SH: 10    Dex: 12    Spells: 8/8 levels left

rFire    . . .     SeeInvis .   a - +0 long sword
rCold    . . .     Gourm    .   c - +0 shield
rNeg     . . .     Faith    .   u - +0 plate armour
rPois    .         Spirit   .   (helmet restricted)
rElec    .         Reflect  .   p - scarf {repulsion}
rCorr    .         Harm     .   (no gloves)
MR       .....                  (no boots)
Stlth    ..........             z - amulet of rage
HPRegen  0.21/turn              (no ring)
MPRegen  0.11/turn              x - +3 ring of strength

@: repel missiles
A: horns 2, yellow scales 1, demonic guardian 1, powered by pain 1
a: Heroism, Renounce Religion, Evoke Berserk Rage


You escaped.
You worshipped Okawaru.
Okawaru was aware of your devotion.
You were not hungry.

You visited 2 branches of the dungeon, and saw 9 of its levels.

You collected 477 gold pieces.

Inventory:

Hand Weapons
 a - a +0 long sword (weapon)
 b - a +0 trident of piercing
Armour
 c - a +0 shield (worn)
 l - a +0 scale mail
 p - a scarf of repulsion (worn)
 q - a +0 cloak
 u - a +0 plate armour (worn)
Jewellery
 m - an uncursed ring of ice
 x - a +3 ring of strength (right hand)
 y - an uncursed ring of poison resistance
 z - an amulet of rage (around neck)
Wands
 v - a wand of digging (5)
Scrolls
 e - a scroll of blinking {unknown}
 h - 2 scrolls of enchant weapon {unknown}
 i - a scroll of magic mapping {unknown}
 j - 6 scrolls of fog
 k - 8 scrolls of identify
 n - 6 scrolls of remove curse
 s - a scroll of teleportation {unknown}
 t - 3 scrolls of amnesia {unknown}
 B - a scroll of fear {unknown}
 D - a scroll of immolation {unknown}
Potions
 d - a potion of might
 g - a potion of heal wounds
 o - 5 potions of agility
 r - 2 potions of curing
 w - a potion of haste
 A - a potion of brilliance {unknown}
Comestibles
 f - 9 rations


   Skills:
 + Level 5.4 Fighting
 + Level 7.2 Long Blades
 + Level 6.0 Armour
 + Level 1.9 Dodging
 + Level 0.6 Stealth
 + Level 5.9 Shields


You had 8 spell levels left.
You didn't know any spells.
Your spell library contained the following spells:

 Spells                   Type           Power        Failure   Level  Hunger
 Magic Dart               Conj           #...         100%        1    ##.....
 Blink                    Tloc           N/A          100%        2    ###....
 Call Imp                 Summ           #.......     100%        2    ###....
 Slow                     Hex            #.......     100%        2    ###....
 Conjure Flame            Conj/Fire      #.......     100%        3    ####...
 Mephitic Cloud           Conj/Pois/Air  #.......     100%        3    ####...


Dungeon Overview and Level Annotations

Branches:
Dungeon (8/15)             Temple (1/1) D:4
   Lair: D:8-11

Altars:
Ashenzari
Cheibriados
Dithmenos
Elyvilon
Fedhas
Gozag
Hepliaklqana
Kikubaaqudgha
Makhleb
Nemelex Xobeh
Okawaru
Qazlal
Ru
Sif Muna
Trog
Uskayaw
Vehumet
Wu Jian
Yredelemnul
Zin
The Shining One


Innate Abilities, Weirdness & Mutations

You have a pair of horns on your head.
You are partially covered in yellow scales. (AC +2)
A weak demonic guardian rushes to your aid.
You sometimes gain a little power by taking damage.


Message History

There is a stone staircase leading up here.
You climb upwards.
There is a stone staircase leading down here.
There is a stone staircase leading up here.
You climb upwards.
There is a stone staircase leading down here.
There is a stone staircase leading up here.
You climb upwards.
There is a stone staircase leading down here.
You enter the shallow water.
Moving in this stuff is going to be slow.
There is an open door here.
There is a staircase leading out of the dungeon here.
Unknown command.
(D) Dungeon (T) Temple
Where to? (Enter - D:1 @ (x,y), ? - help)
What level of the Dungeon? (default 1, ? - help) You're already here!
Are you sure you want to leave the Dungeon?
This will make you lose the game!
You have escaped!

.##.######.######.).....###.# #.#
.#...#...#######............# #.#
...#...###....8#PP.....###### #.#
.#...### #..PPP###P...## #.#
....## #.#######PP.## #.# )####
#.'...'.##P.##########.# .####
#.#...'..#P............#
.##.######.'...##'##..###.#####.#
...#.....#.#####@.'...###.# #.#
..###.####.PPP##..##..#...# #.#
##.#^## #..8P######(.#.#.# #.#
##.## #.PPP# #.).#.#.#####.# #.#
###### #...#.........# ##.##
#...######.#### ##.#.##
######.....# #.# #.###.#
#.......##(# #.# ##.#.##
#.####.###.####.#


There were no monsters in sight!

Vanquished Creatures
  2 hungry ghosts (D:7)
  Menkaure (D:7)
  3 orc warriors
  An ice beast (D:6)
  A sky beast (D:6)
  A phantom (D:7)
  An ogre (D:7)
  A centaur (D:6)
  2 bullfrogs
  A scorpion (D:7)
  4 wights (D:8)
  A crimson imp (D:8)
  3 hounds
  2 jellies
  2 orc priests
  2 iguanas
  Jessica (D:3)
  2 orc wizards
  Natasha (twice) (D:3)
  3 worker ants
  A hound skeleton (D:5)
  A worker ant zombie (D:5)
  6 adders
  A shadow imp (D:7)
  An adder zombie (D:8)
  An adder skeleton (D:8)
  2 worms
  4 dart slugs
  6 leopard geckos
  22 orcs
  2 ball pythons
  4 giant cockroaches
  8 goblins
  10 hobgoblins
  3 jackals (D:1)
  3 quokkas
  5 bats
  6 frilled lizards
  7 kobolds
  2 leopard gecko skeletons
  10 rats
141 creatures vanquished.

Vanquished Creatures (collateral kills)
  2 ice beasts (D:5)
  An ogre (D:7)
  2 scorpions
  2 orc wizards
  Natasha (D:3)
  A shadow imp (D:5)
  5 orcs
  A quokka (D:3)
  A quokka skeleton (D:7)
16 creatures vanquished.

Vanquished Creatures (others)
  5 toadstools (D:4)
5 creatures vanquished.

Grand Total: 162 creatures vanquished

Notes
Turn   | Place    | Note
-------+----------+-------------------------------------------
     0 | D:1      | Peloso the Demonspawn Fighter began the quest for the Orb.
     0 | D:1      | Reached XP level 1. HP: 18/18 MP: 1/1
   169 | D:1      | Gained mutation: You are partially covered in yellow
                  | scales. (AC +2) [demonic ancestry]
   169 | D:1      | Reached XP level 2. HP: 19/24 MP: 2/2
   234 | D:1      | Reached skill level 2 in Long Blades
   634 | D:1      | Gained mutation: You have a pair of small horns on your
                  | head. [demonic ancestry]
   634 | D:1      | Reached XP level 3. HP: 29/29 MP: 3/3
  1138 | D:2      | Noticed a +0 hand axe
  1139 | D:2      | Noticed a -1 hand axe
  1142 | D:2      | Found a hide-covered altar of Uskayaw.
  1236 | D:2      | Found a faded altar of an unknown god.
  1353 | D:2      | Gained mutation: A weak demonic guardian rushes to your
                  | aid. [demonic ancestry]
  1353 | D:2      | Reached XP level 4. HP: 35/35 MP: 4/4
  1625 | D:2      | Reached skill level 3 in Long Blades
  1821 | D:3      | Noticed Natasha
  1828 | D:3      | Killed Natasha
  1837 | D:3      | Reached XP level 5. HP: 37/41 MP: 5/5
  1856 | D:3      | Noticed Natasha
  1866 | D:3      | Killed Natasha
  1866 | D:3      | Reached skill level 1 in Dodging
  2042 | D:3      | Noticed Natasha
  2069 | D:3      | Killed Natasha
  2112 | D:3      | Noticed Jessica
  2117 | D:3      | Killed Jessica
  2349 | D:4      | Found a staircase to the Ecumenical Temple.
  2357 | Temple   | Entered the Ecumenical Temple
  2631 | D:4      | Reached XP level 6. HP: 34/47 MP: 6/6
  2900 | D:4      | Found a bloodstained altar of Trog.
  2942 | D:4      | Found a white marble altar of Elyvilon.
  2967 | D:4      | You fall into a shaft and drop 3 floors!
  2990 | D:6      | Noticed an orc warrior
  3014 | D:7      | Killed an orc warrior
  3014 | D:7      | Reached skill level 4 in Long Blades
  3349 | D:5      | Entered Level 5 of the Dungeon
  3376 | D:5      | Noticed an ice beast
  3388 | D:5      | Killed an ice beast
  3388 | D:5      | Reached XP level 7. HP: 28/53 MP: 7/7
  3615 | D:4      | Found a bloodstained altar of Trog.
  4280 | D:5      | Reached skill level 5 in Long Blades
  4295 | D:5      | Found a sacrificial altar of Ru.
  4693 | D:5      | Found an ornate altar of the Wu Jian Council.
  4919 | D:6      | Found a glowing golden altar of the Shining One.
  4941 | D:6      | Gained mutation: You sometimes gain a little power by
                  | taking damage. [demonic ancestry]
  4941 | D:6      | Reached XP level 8. HP: 54/61 MP: 8/8
  4993 | D:6      | Reached skill level 5 in Shields
  5591 | D:7      | Found a sparkling altar of Nemelex Xobeh.
  5598 | D:7      | Found a shimmering blue altar of Sif Muna.
  5601 | D:7      | Found a radiant altar of Vehumet.
  5605 | D:7      | Found a shattered altar of Ashenzari.
  5605 | D:7      | Found a hazy altar of Hepliaklqana.
  5765 | D:7      | Reached skill level 6 in Long Blades
  5765 | D:7      | Reached skill level 5 in Armour
  5863 | D:7      | Found an iron altar of Okawaru.
  5863 | D:7      | Found a basalt altar of Yredelemnul.
  5876 | D:7      | Became a worshipper of Warmaster Okawaru
  6185 | D:7      | Reached skill level 5 in Fighting
  6596 | D:7      | Noticed Menkaure
  6600 | D:7      | Killed Menkaure
  6600 | D:7      | Reached * piety under Okawaru
  6600 | D:7      | Gained mutation: You have a pair of horns on your head.
                  | [demonic ancestry]
  6600 | D:7      | Reached XP level 9. HP: 58/68 MP: 9/9
  6706 | D:7      | Reached skill level 7 in Long Blades
  7329 | D:$      | Got out of the dungeon alive.

Levels and vault maps discovered:
D:1:      sevenhm_arrival_forest_fort_small_3, layout_loops_ring,
          minmay_crystal_water
D:2:      minmay_chambers_of_twos, layout_rooms, dancing_weapons_uskayaw,
          chequers_ecumenical_altar_simple_redux, first_ration
D:3:      layout_rooms, uniq_natasha, uniq_jessica
D:4:      layout_loops_ring, elyvilon_altar_5, bloody_trog,
          minmay_temple_entry_statues_fountains, kennysheep_flooded_box,
          minmay_gold_behind_fungi, nrook_loot_triangle
D:5:      lemuel_upstairs_altar, layout_basic, old_standard_altar
D:6:      layout_loops_ring, old_standard_altar
D:7:      layout_loops_corners, minmay_overflow_temple_star_hex,
          gammafunk_temple_overflow_statue, serial_glass, glass_columns_b,
          glass_columns_a, uniq_menkaure
D:8:      layout_cave_pods
Temple:   nicolae_temple_figure_zero

Skill      XL: |  1  2  3  4  5  6  7  8  9 |
---------------+----------------------------+-----
Long Blades    | 2 3 4 5 6 7 |  7.2
Shields        | 3 4 5 |  5.9
Armour         | 3 4 5 6 |  6.0
Dodging        | 1 |  1.9
Fighting       | 4 5 |  5.4
Stealth        | |  0.6

Action                   |  1- 3 |  4- 6 |  7- 9 || total
-------------------------+-------+-------+-------++-------
Melee: Long sword        |   181 |   154 |   272 ||   607
       Headbutt          |    12 |    36 |    54 ||   102
  Use: Potion            |       |     2 |     2 ||     4
       Scroll            |       |       |     5 ||     5
 Stab: Distracted        |       |     2 |       ||     2
  Eat: Chunk             |     1 |     4 |    13 ||    18
       Ration            |       |     1 |     2 ||     3
Armor: Scale mail        |    87 |    57 |       ||   144
       Plate armour      |       |    24 |   138 ||   162
Dodge: Dodged            |    69 |    45 |    45 ||   159
Block: Shield            |    90 |    83 |   146 ||   319
       Rpst.: Long sword |    23 |    14 |     9 ||    46
